 Dungeon Crawl Stone Soup version 0.30.1-4-g462c640d31 (webtiles) character file.

Game seed: 12190875299108438017

3789 rddays123 the Fighter (level 9, -1/89 HPs)
             Began as a Minotaur Fighter on Sept 8, 2023.
             Was a Believer of Makhleb.
             Slain by a vampire (11 damage)
             ... on level 8 of the Dungeon.
             The game lasted 00:20:39 (7772 turns).

rddays123 the Fighter (Minotaur Fighter)            Turns: 7772, Time: 00:20:39

Health: -1/89      AC: 13    Str: 31    XL:     9   Next: 95%
Magic:  0/8        EV:  7    Int:  5    God:    Makhleb [**....]
Gold:   137        SH:  5    Dex: 10    Spells: 8/8 levels left

rFire   + . .        I - +0 war axe
rCold   . . .        c - +0 buckler
rNeg    . . .        F - +0 plate armour
rPois   .            (helmet restricted)
rElec   .            (no cloak)
rCorr   .            (no gloves)
SInv    .            (no boots)
Will    .....        l - amulet of guardian spirit Stlth
                     z - ring of protection from fire
HPRegen 0.34/turn    B - +6 ring of strength
MPRegen 0.11/turn

%: guardian spirit
@: lethally poisoned (-1 -> -11)
A: horns 2, retaliatory headbutt
a: Renounce Religion, Minor Destruction


You were on level 8 of the Dungeon.
You worshipped Makhleb.
Makhleb was pleased with you.
You visited 2 branches of the dungeon, and saw 9 of its levels.

You collected 383 gold pieces.
You spent 246 gold pieces at shops.

Inventory:

Hand Weapons
 a - a +0 war axe of chaos
 I - a +0 war axe (weapon)
Missiles
 E - a throwing net (quivered)
Armour
 c - a +0 buckler (worn)
 q - a +1 ring mail of poison resistance
 x - a +0 chain mail
 F - a +0 plate armour (worn)
Jewellery
 b - an amulet of magic regeneration
 l - an amulet of guardian spirit (around neck)
 z - a ring of protection from fire (left hand)
 B - a +6 ring of strength (right hand)
Wands
 r - a wand of polymorph (9)
 y - a wand of flame (9)
 C - a wand of mindburst (21)
 K - a wand of roots (8)
Scrolls
 d - 4 scrolls of noise
 h - a scroll of magic mapping {unknown}
 j - a scroll of fog {unknown}
 k - 2 scrolls of fear
 m - 2 scrolls of teleportation
 p - 2 scrolls of blinking {unknown}
 s - a scroll of amnesia {unknown}
 u - a scroll of poison {unknown}
 w - a scroll of vulnerability {unknown}
 A - a scroll of silence {unknown}
 H - a scroll of enchant weapon {unknown}
 J - a scroll of brand weapon
Potions
 e - 2 potions of magic
 f - 3 potions of ambrosia
 g - 4 potions of flight
 i - 2 potions of haste
 n - a potion of heal wounds
 o - a potion of attraction
 t - 2 potions of brilliance
 v - 3 potions of lignification
 D - 2 potions of curing {unknown}
 L - a potion of experience {unknown}


   Skills:
 + Level 11.4 Fighting
 + Level 11.1 Axes
 * Level 7.5 Armour
 - Level 5.3 Shields


You had 8 spell levels left.
You didn't know any spells.
Your spell library contained the following spells:

 Spells                   Type           Power      Damage    Failure   Level
 Kiss of Death            Conj/Necr      0%         2d5       99%         1
 Summon Small Mammal      Summ           0%         N/A       99%         1
 Blink                    Tloc           0%         N/A       100%        2
 Ensorcelled Hibernation  Hex/Ice        0%         N/A       100%        2
 Call Canine Familiar     Summ           0%         N/A       100%        3
 Confusing Touch          Hex            0%         N/A       100%        3
 Spider Form              Tmut/Pois      0%         N/A       100%        3
 Summon Guardian Golem    Hex/Summ       0%         N/A       100%        3
 Anguish                  Hex/Necr       0%         N/A       100%        4
 Dispel Undead            Necr           0%         3d6       100%        4
 Manifold Assault         Tloc           0%         N/A       100%        4
 Storm Form               Tmut/Air       0%         N/A       100%        7
 Chain Lightning          Conj/Air       0%         N/A       100%        9
 Fire Storm               Conj/Fire      0%         5d1       100%        9
 Shatter                  Erth           0%         3d5*      100%        9


Dungeon Overview and Level Annotations

Branches:
Dungeon (8/15)             Temple (1/1) D:5
   Lair: D:8-11

Altars:
Ashenzari
Cheibriados
Dithmenos
Elyvilon
Fedhas
Gozag
Hepliaklqana
Makhleb
Nemelex Xobeh
Okawaru
Qazlal
Ru
Trog
Uskayaw
Vehumet
Xom
Yredelemnul
Zin
The Shining One

Shops:
D:2 *   D:8 ?

Portals:
Abyss: D:4

Annotations:
D:4 2 transporters, Fractals's ghost, amateur KoEn
D:8 Erica


Innate Abilities, Weirdness & Mutations

You have a pair of horns on your head.
You reflexively headbutt those who attack you in melee.


Message History

The bolt of poison hits you!!
You are more poisoned.
You barely miss Erica.
Erica is almost dead.
You feel very sick. Erica gestures at you while chanting.
The bolt of poison hits you!!
You are more poisoned.
* * * LOW HITPOINT WARNING * * *
You barely miss Erica.
Erica is almost dead.
You hit the vampire but do no damage.
* * * LOW HITPOINT WARNING * * *
You feel very sick.
Erica hits you with a +0 scimitar of flaming.
* * * LOW HITPOINT WARNING * * *
Erica burns you.
* * * LOW HITPOINT WARNING * * *
The vampire hits you but does no damage.
You block the vampire's attack.
You feel much better.
You feel very sick.
Erica hits you with a +0 scimitar of flaming!
* * * LOW HITPOINT WARNING * * *
Erica burns you.
* * * LOW HITPOINT WARNING * * *
The vampire hits you but does no damage.
The vampire bites you.
* * * LOW HITPOINT WARNING * * *
The vampire draws strength from your injuries!
Okay, then.
As you read the scroll of identify, it crumbles to dust.
m - 2 scrolls of teleportation
* * * LOW HITPOINT WARNING * * *
You feel very sick.
Erica mumbles some strange words.
Erica flickers and vanishes!
Deactivating autopickup; reactivate with Ctrl-A.
The vampire hits you!
You die...

#........#....
#.###.
##.........## ...
#......
##....#....###..##
#<###..
##...###........##
.. ##. ###.#
#.......... ### #.
#..###..........
#.
#...##.......##.
#.
##..###..V......
## ##..##.@{......
#......##.....
#.............
##....##.....#
##..........
###.###.... #.#
#... ### ###


You could see a vampire.

Vanquished Creatures
  A two-headed ogre (D:8)
  Psyche (D:8)
  Prince Ribbit (D:5)
  Sigmund (D:2)
  A steam dragon (D:7)
  Menkaure (D:6)
  Duvessa (D:6)
  An orc warrior (D:8)
  A black bear (D:5)
  2 ogres
  2 phantoms
  2 bullfrogs (D:7)
  3 kobold brigands (D:8)
  3 scorpions
  7 wights (D:7)
  Dowan (D:6)
  An orc priest (D:6)
  4 hounds
  2 gnoll boudas
  6 orc wizards
  4 iguanas
  14 gnolls
  5 adders
  A shadow imp (D:7)
  3 ufetubi
  5 worms
  4 dart slugs
  26 orcs
  4 ball pythons (D:2)
  8 bats
  6 endoplasms
  A giant cockroach (D:4)
  6 hobgoblins
  4 jackals (D:2)
  A quokka (D:1)
  4 frilled lizards
  8 goblins
  23 kobolds
  5 rats
174 creatures vanquished.

Notes
Turn   | Place    | Note
-------+----------+-------------------------------------------
     0 | D:1      | rddays123 the Minotaur Fighter began the quest for the Orb.
     0 | D:1      | Reached XP level 1. HP: 19/19 MP: 0/0
   194 | D:1      | Reached XP level 2. HP: 27/27 MP: 1/1
   997 | D:2      | Reached XP level 3. HP: 30/33 MP: 2/2
  1227 | D:2      | Noticed Sigmund
  1231 | D:2      | Killed Sigmund
  1232 | D:2      | Reached skill level 5 in Fighting
  1232 | D:2      | Reached XP level 4. HP: 21/42 MP: 3/3
  1232 | D:2      | Reached XP level 5. HP: 24/48 MP: 4/4
  1248 | D:2      | Reached skill level 5 in Armour
  1248 | D:2      | Reached skill level 5 in Shields
  1346 | D:2      | Found Miuqots's Assorted Antiques.
  1540 | D:3      | Reached XP level 6. HP: 55/56 MP: 5/5
  2336 | D:4      | Reached skill level 5 in Axes
  2406 | D:4      | Found an opulent altar of Gozag.
  2614 | D:4      | Found a sacrificial altar of Ru.
  2800 | D:4      | Found a transporter.
  2811 | D:4      | Found a transporter.
  2817 | D:4      | Noticed a small abomination
  2845 | D:4      | Noticed a small abomination
  2855 | D:4      | Found a one-way gate to the infinite horrors of the Abyss.
  2855 | D:4      | Noticed Fractals's ghost (amateur KoEn)
  3149 | D:4      | Reached XP level 7. HP: 63/63 MP: 6/6
  3371 | D:5      | Entered Level 5 of the Dungeon
  3849 | D:5      | Found a broken altar of Ashenzari.
  4128 | D:5      | Found a staircase to the Ecumenical Temple.
  4134 | Temple   | Entered the Ecumenical Temple
  4160 | Temple   | Became a worshipper of Makhleb the Destroyer
  4621 | D:6      | Found a basalt altar of Yredelemnul.
  4667 | D:6      | Reached XP level 8. HP: 60/74 MP: 5/7
  4824 | D:6      | Found a hide-covered altar of Uskayaw.
  4924 | D:6      | Noticed Dowan
  4946 | D:6      | Killed Dowan
  5062 | D:6      | Noticed Prince Ribbit
  5065 | D:6      | Noticed Menkaure
  5086 | D:5      | Killed Prince Ribbit
  5376 | D:6      | Killed Menkaure
  5575 | D:6      | Noticed Duvessa
  5593 | D:6      | Killed Duvessa
  6006 | D:7      | Reached skill level 10 in Fighting
  6006 | D:7      | Reached XP level 9. HP: 52/85 MP: 4/8
  6675 | D:7      | Reached * piety under Makhleb
  6678 | D:7      | Reached skill level 10 in Axes
  7138 | D:8      | Noticed a two-headed ogre
  7239 | D:8      | Killed a two-headed ogre
  7342 | D:8      | Found Laonush's Magic Scroll Shop.
  7350 | D:8      | Bought a scroll of brand weapon for 123 gold pieces
  7444 | D:8      | Bought a scroll of brand weapon for 123 gold pieces
  7475 | D:8      | Reached ** piety under Makhleb
  7530 | D:8      | Found a sparkling altar of Nemelex Xobeh.
  7582 | D:8      | Found a snail-covered altar of Cheibriados.
  7582 | D:8      | Found an iron altar of Okawaru.
  7590 | D:8      | Found a bloodstained altar of Trog.
  7592 | D:8      | Found a stormy altar of Qazlal.
  7594 | D:8      | Found a hazy altar of Hepliaklqana.
  7633 | D:8      | Noticed Psyche
  7640 | D:8      | Killed Psyche
  7661 | D:8      | Identified the +1 scale mail of Rusisedi {Fly rElec rC+
                  | Int-4}
  7759 | D:8      | Noticed Erica
  7772 | D:8      | Slain by a vampire

Illustrated notes

Levels and vault maps discovered:
D:1:      dpeg_arrival_rooms_c, layout_basic, minmay_tripent
D:2:      layout_basic, serial_shops, nicolae_shop_real_fake_doors, uniq_sigmund
D:3:      layout_loops_ring, minmay_quantized
D:4:      layout_loops_corners, mainiacjoe_overflow_catwalk, lemuel_tele_altar,
          gammafunk_ghost_abyssal_escape, hangedman_glass_teeth,
          dk_noncrumbling_2
D:5:      layout_cave_pools, nicolae_ashenzari_skybound,
          minmay_temple_entry_hall, serial_bayou, serial_bayou_lagoon_a,
          serial_bayou_crossing, serial_bayou_lake_a, serial_bayou_shore_b,
          kennysheep_generic_room_2
D:6:      layout_basic, lemuel_doored_altar, mainiacjoe_overflow_24_doors,
          kennysheep_generic_room_8, uniq_prince_ribbit1, uniq_duvessa,
          uniq_menkaure
D:7:      layout_gridville
D:8:      layout_cave_pools, chequers_temple_overflow_minitemple,
          mainiacjoe_overflow_alcove_1, nicolae_overflow_hidden_temple,
          serial_shops, shop, kennysheep_crisscross, uniq_psyche, uniq_erica
Temple:   hellmonk_temple_micro_hex

Skill      XL: |  1  2  3  4  5  6  7  8  9 |
---------------+----------------------------+-----
Fighting       | 4 5 6 7 10 11 | 11.4
Shields        | 4 5 |  5.3
Armour         | 4 5 7 |  7.5
Axes           | 3 4 5 7 9 11 | 11.1

Action                     |  1- 3 |  4- 6 |  7- 9 || total
---------------------------+-------+-------+-------++-------
  Melee: War axe           |    78 |   107 |   244 ||   429
         Headbutt          |    10 |    16 |    46 ||    72
    Use: Potion            |     1 |       |     5 ||     6
         Scroll            |       |       |    11 ||    11
 Armour: Scale mail        |    32 |    44 |     6 ||    82
         Chain mail        |       |       |    82 ||    82
         Plate armour      |       |       |    15 ||    15
  Dodge: Dodged            |    39 |    40 |    72 ||   151
  Block: Buckler           |    23 |    18 |    43 ||    84
